 Dungeon Crawl Stone Soup version 0.24.0-13-gcf9b319 (webtiles) character file.

Game seed: 15237071372361896256, levelgen mode: deterministic

109 Bronimir the Charmwright (level 4, -1/34 HPs)
             Began as a Barachi Skald on Apr 5, 2020.
             Slain by a hound (3 damage)
             ... on level 4 of the Dungeon.
             The game lasted 00:05:13 (2673 turns).

Bronimir the Charmwright (Barachi Skald)            Turns: 2673, Time: 00:05:13

Health: -1/34      AC:  3    Str: 13    XL:     4   Next: 89%
Magic:  4/8        EV: 12    Int: 14    God:
Gold:   151        SH:  0    Dex: 11    Spells: 0/8 levels left

rFire    . . .     SeeInvis .   a - +1 falchion
rCold    . . .     Gourm    .   (no shield)
rNeg     + . .     Faith    .   g - +0 leather armour
rPois    .         Spirit   .   (no helmet)
rElec    .         Reflect  .   (no cloak)
rCorr    .         Harm     .   (no gloves)
MR       .....                  (no boots)
Stlth    +.........             (no amulet)
HPRegen  0.11/turn              i - ring of positive energy
MPRegen  0.11/turn              (no ring)

@: lethally poisoned (-1 -> -13), hasted, very quick
A: +LOS, swims, slowness 1, strong legs 1
a: Hop


You were on level 4 of the Dungeon.
You were hungry.

You visited 1 branch of the dungeon, and saw 4 of its levels.

You collected 151 gold pieces.

Inventory:

Hand Weapons
 a - a +1 falchion (weapon)
 b - a +0 hunting sling
 o - a +0 battleaxe
 p - a +2 mace of pain
Missiles
 f - 55 bolts
 l - 62 stones (quivered)
 v - 26 sling bullets
Armour
 g - a +0 leather armour (worn)
Jewellery
 i - a ring of positive energy (left hand)
 s - an uncursed ring of fire {unknown}
Wands
 h - a wand of digging (7)
 u - a wand of acid (10)
Scrolls
 e - 2 scrolls of teleportation
 j - a scroll of magic mapping
 k - a scroll of enchant armour {unknown}
 q - a scroll of amnesia {unknown}
Potions
 n - a potion of magic {unknown}
 r - a potion of curing {unknown}
 t - a potion of flight {unknown}
Comestibles
 d - 8 rations


   Skills:
 + Level 2.7 Fighting
 * Level 3.8 Long Blades
 + Level 0.5 Slings
 * Level 2.0 Armour
 + Level 2.7 Dodging
 * Level 2.7 Spellcasting
 * Level 4.0 Charms


You couldn't memorise any spells.
You knew the following spells:

 Your Spells              Type           Power        Failure   Level  Hunger
a - Infusion              Chrm           ##..         5%          1    #......
b - Song of Slaying       Chrm           ##......     8%          2    ###....
c - Shroud of Golubria    Chrm/Tloc      #.....       19%         2    ###....
d - Spectral Weapon       Hex/Chrm       #.......     36%         3    ###....

Your spell library contained the following spells:

 Spells                   Type           Power        Failure   Level  Hunger
 Beastly Appendage        Tmut           #.....       28%         1    #......
 Regeneration             Chrm/Necr      #.........   36%         3    ###....
 Sticks to Snakes         Tmut           #.......     38%         2    ###....
 Spider Form              Tmut/Pois      #.........   63%         3    ###....
 Ice Form                 Ice/Tmut       #.......     95%         4    #####..
 Blade Hands              Tmut           #.........   100%        5    ######.


Dungeon Overview and Level Annotations

Branches:
Dungeon (4/15)
 Temple: D:4-7

Altars:
Ashenzari


Innate Abilities, Weirdness & Mutations

Shadows flee at your approach. (+LOS)
You can swim through water.
You cover ground slowly.
You can hop short distances.


Message History

Your spectral weapon completely misses the worker ant.
The hound bites you.
The worker ant bites you but does no damage.
The hound bites you but does no damage.
You hit the worker ant.
The worker ant is severely wounded.
You feel sick.
Your spectral weapon barely misses the worker ant.
The hound bites you.
* * * LOW HITPOINT WARNING * * *
The worker ant bites you.
* * * LOW HITPOINT WARNING * * *
You are more poisoned.
The worker ant poisons you! The hound bites you.
* * * LOW HITPOINT WARNING * * *
The worker ant barely misses you.
It was a potion of haste.
You feel yourself speed up.
* * * LOW HITPOINT WARNING * * *
You feel sick. The hound bites you.
You die...

### ###### ...
##..... ###.#
(......##....#
.............#
#.(.(@....#
...#...ah....##..
#(.....<........
#?..............
#...............
###.............
##...$....###.
##.......#
#........


You could see a hound, a worker ant and a friendly spectral +1 falchion.

Vanquished Creatures
  Terence (D:2)
  A gnoll (D:1)
  An adder (D:3)
  2 dart slugs
  5 leopard geckos
  4 orcs (D:3)
  2 ball pythons
  3 bats
  3 giant cockroaches
  8 goblins
  5 hobgoblins
  4 jackals (D:3)
  3 frilled lizards
  5 kobolds
  4 rats
51 creatures vanquished.

Notes
Turn   | Place    | Note
-------+----------+-------------------------------------------
     0 | D:1      | Bronimir the Barachi Skald began the quest for the Orb.
     0 | D:1      | Reached XP level 1. HP: 17/17 MP: 3/3
   209 | D:1      | Reached XP level 2. HP: 23/23 MP: 5/5
   626 | D:1      | Reached XP level 3. HP: 22/28 MP: 6/6
  1046 | D:1      | Learned a level 2 spell: Song of Slaying
  1049 | D:1      | Learned a level 2 spell: Shroud of Golubria
  1256 | D:2      | Noticed Terence
  1320 | D:2      | Killed Terence
  1320 | D:2      | Reached skill level 4 in Charms
  1320 | D:2      | Reached XP level 4. HP: 10/34 MP: 1/8
  1944 | D:3      | Found a shattered altar of Ashenzari.
  2623 | D:3      | Learned a level 3 spell: Spectral Weapon
  2668 | D:4      | HP: 1/34 [hound (6)]
  2673 | D:4      | Slain by a hound

Levels and vault maps discovered:
D:1:      ncdulo_wetmaze, layout_basic
D:2:      layout_rooms, first_ration, uniq_terence
D:3:      layout_rooms, ashenzari_altar_1, minmay_door_square,
          due_unseen_surprise
D:4:      layout_basic, tgw_sif, cheibrodos_sewer_entry_sluice, grunt_tough_drop

Skill      XL: |  1  2  3  4 |
---------------+-------------+-----
Long Blades    | 3 |  3.8
Charms         | 4 |  4.0
Armour         | 2 |  2.0
Fighting       | |  2.7
Slings         | |  0.5
Dodging        | |  2.7
Spellcasting   | |  2.7

Action                   |  1- 3 |  4- 6 || total
-------------------------+-------+-------++-------
Melee: Falchion          |    68 |    39 ||   107
 Fire: Hunting sling     |     4 |    37 ||    41
 Cast: Shroud of Golubri |     2 |     3 ||     5
       Infusion          |     2 |     1 ||     3
       Spectral Weapon   |       |     1 ||     1
  Use: Scroll            |     5 |       ||     5
       Potion            |       |     2 ||     2
  Eat: Chunk             |     1 |     2 ||     3
       Ration            |       |     1 ||     1
Armor: Leather armour    |     8 |    30 ||    38
Dodge: Dodged            |    36 |    50 ||    86
       Rpst.: Falchion   |    11 |    18 ||    29
